MLB
ST. LOUIS CARDINALS @ PITTSBURGH PIRATES
08/14/2099
 
TOP OF THE 1ST
St. Louis Cardinals batting - Pitching for Pittsburgh Pirates : RHP Russ Einhorn
Pitching: RHP Russ Einhorn
Batting: RHB Dave Mora 0-0: Ball
1-0: Foul Ball, location: 2F
1-1: Foul Ball, location: 2LF
1-2: Ball
2-2: Strikes out swinging
Batting: RHB Ben Frey 0-0: Called Strike
0-1: Foul Ball, location: 23F
0-2: Foul Ball, location: 2F
0-2: Ball
1-2: Foul Ball, location: 7LSF
1-2: Fly out, F3 (Popup, 3SF, EV 71.9 MPH)
Batting: SHB Bryan Smolka 0-0: Ground out 4-3 (Groundball, 4, EV 91.9 MPH)
Top of the 1st over - 0 runs, 0 hits, 0 errors, 0 left on base; St. Louis 0 - Pittsburgh 0
BOTTOM OF THE 1ST
Pittsburgh Pirates batting - Pitching for St. Louis Cardinals : RHP Rich Siegel
Pitching: RHP Rich Siegel
Batting: RHB Randy Wilson 0-0: Swinging Strike
0-1: Fly out, F7 (Flyball, 7, EV 96.3 MPH)
Batting: SHB Jamie Hoffman 0-0: Ball
1-0: Called Strike
1-1: Ball
2-1: Foul Ball, location: 25F
2-2: Ground out 3-1 (Groundball, 34, EV 90.0 MPH)
Batting: RHB Zachary Gugliotta 0-0: Called Strike
0-1: SOLO HOME RUN (Flyball, 7LD, EV 99.4 MPH), Distance : 381 ft
Batting: RHB Joey Noles 0-0: Called Strike
0-1: Ground out 6-3 (Groundball, 6, EV 88.1 MPH)
Bottom of the 1st over - 1 run, 1 hit, 0 errors, 0 left on base; St. Louis 0 - Pittsburgh 1
TOP OF THE 2ND
St. Louis Cardinals batting - Pitching for Pittsburgh Pirates : RHP Russ Einhorn
Batting: RHB Ryan Collier 0-0: Called Strike
0-1: Foul Ball, location: 9LSF
0-2: Foul Ball, location: 2F
0-2: Strikes out swinging
Batting: LHB Jose Nieto 0-0: Called Strike
0-1: Called Strike
0-2: Ball
1-2: Strikes out swinging
Batting: LHB Ramon Lara 0-0: SINGLE (Line Drive, 7S, EV 91.9 MPH)
Batting: RHB Brodie Herian 0-0: Ball
1-0: Foul Ball, location: 2F
1-1: Ball
2-1: Fly out, F8 (Flyball, 8LS, EV 93.8 MPH)
Top of the 2nd over - 0 runs, 1 hit, 0 errors, 1 left on base; St. Louis 0 - Pittsburgh 1
BOTTOM OF THE 2ND
Pittsburgh Pirates batting - Pitching for St. Louis Cardinals : RHP Rich Siegel
Batting: LHB Josue Lopez 0-0: Called Strike
0-1: Ball
1-1: Foul Ball, location: 2F
1-2: Fly out, F7 (Flyball, 7, EV 95.0 MPH)
Batting: RHB Carlos Flores 0-0: Called Strike
0-1: Ball
1-1: Swinging Strike
1-2: Foul Ball, location: 7LDF
1-2: Ball
2-2: Strikes out swinging
Batting: RHB Alex Velazquez 0-0: Foul Ball, location: 2F
0-1: Ball
1-1: Ball
2-1: Swinging Strike
2-2: Ball
3-2: Base on Balls
Batting: LHB Phil Samsa 0-0: Ball
1-0: Fielders Choice at 2nd, U4 (Groundball, 4M, EV 80.0 MPH)
Bottom of the 2nd over - 0 runs, 0 hits, 0 errors, 1 left on base; St. Louis 0 - Pittsburgh 1
TOP OF THE 3RD
St. Louis Cardinals batting - Pitching for Pittsburgh Pirates : RHP Russ Einhorn
Batting: LHB Jeremiah Ford 0-0: Called Strike
0-1: DOUBLE (Line Drive, 7LM, EV 97.5 MPH)
Batting: RHB Jason Rush 0-0: Swinging Strike
0-1: Ball
1-1: Called Strike
1-2: Fly out, F3 (Popup, 3SF, EV 80.0 MPH)
Batting: RHB Dave Mora 0-0: Ball
1-0: Foul Ball, location: 2F
1-1: Fly out, F8 (Flyball, 8LS, EV 95.0 MPH)
Batting: RHB Ben Frey 0-0: Ball
1-0: Ball
2-0: Called Strike
2-1: Foul Ball, location: 2F
2-2: Foul Ball, location: 25FF
2-2: SINGLE (Groundball, 15, EV 72.5 MPH) (infield hit)
Jeremiah Ford to third
Batting: SHB Bryan Smolka 0-0: Ground out 1-3 (Groundball, P, EV 70.0 MPH)
Top of the 3rd over - 0 runs, 2 hits, 0 errors, 2 left on base; St. Louis 0 - Pittsburgh 1
BOTTOM OF THE 3RD
Pittsburgh Pirates batting - Pitching for St. Louis Cardinals : RHP Rich Siegel
Batting: RHB Chris Ward 0-0: Called Strike
0-1: Swinging Strike
0-2: Ball
1-2: Foul Ball, location: 9LMF
1-2: Foul Ball, location: 25F
1-2: Ball
2-2: Strikes out swinging
Batting: RHB Randy Wilson 0-0: Ball
1-0: Called Strike
1-1: Ball
2-1: Swinging Strike
2-2: Ball
3-2: Base on Balls
Batting: SHB Jamie Hoffman 0-0: Foul Ball, location: 2F
0-1: Swinging Strike
0-2: Ball
1-2: SINGLE (Groundball, 6MD, EV 103.8 MPH)
Randy Wilson to second
Batting: RHB Zachary Gugliotta 0-0: Ball
1-0: Ball
2-0: Called Strike
2-1: Ball
3-1: Fielders Choice at 2nd, 5-4 (Groundball, 56, EV 77.5 MPH)
Randy Wilson to third
Batting: RHB Joey Noles 0-0: Called Strike
0-1: Ball
1-1: Foul Ball, location: 2F
1-2: Strikes out swinging
Bottom of the 3rd over - 0 runs, 1 hit, 0 errors, 2 left on base; St. Louis 0 - Pittsburgh 1
TOP OF THE 4TH
St. Louis Cardinals batting - Pitching for Pittsburgh Pirates : RHP Russ Einhorn
Batting: RHB Ryan Collier 0-0: Ball
1-0: Ball
2-0: Called Strike
2-1: Called Strike
2-2: SINGLE (Groundball, 34S, EV 85.0 MPH)
Batting: LHB Jose Nieto 0-0: Fielders Choice at 2nd, 4-6 (Groundball, 34, EV 106.3 MPH)
Now at SS: Verner Johannsen
Batting: LHB Ramon Lara 0-0: Ball
1-0: Called Strike
1-1: Swinging Strike
1-2: Ball
2-2: Foul Ball, location: 23FF
2-2: Foul Ball, location: 2F
2-2: Ball
3-2: Strikes out swinging
Batting: RHB Brodie Herian 0-0: Swinging Strike
0-1: Foul Ball, location: 5SF
0-2: Ball
1-2: Strikes out swinging
Top of the 4th over - 0 runs, 1 hit, 0 errors, 1 left on base; St. Louis 0 - Pittsburgh 1
BOTTOM OF THE 4TH
Pittsburgh Pirates batting - Pitching for St. Louis Cardinals : RHP Rich Siegel
Batting: LHB Josue Lopez 0-0: Foul Ball, location: 25F
0-1: Foul Ball, location: 23FF
0-2: Ball
1-2: Ball
2-2: Fly out, F7 (Flyball, 7S, EV 98.8 MPH)
Batting: RHB Carlos Flores 0-0: Swinging Strike
0-1: Ball
1-1: Ball
2-1: Foul Ball, location: 5FF
2-2: Ball
3-2: TRIPLE (Line Drive, 89XD, EV 103.8 MPH)
Batting: RHB Alex Velazquez 0-0: Ball
1-0: Ball
2-0: Ball
3-0: Called Strike
3-1: Fly out, F9 (Flyball, 9, EV 91.9 MPH)
Runner from 3rd tags up, SCORES, throw by RF
Batting: LHB Phil Samsa 0-0: Ball
1-0: Called Strike
1-1: Called Strike
1-2: Strikes out swinging
Bottom of the 4th over - 1 run, 1 hit, 0 errors, 0 left on base; St. Louis 0 - Pittsburgh 2
TOP OF THE 5TH
St. Louis Cardinals batting - Pitching for Pittsburgh Pirates : RHP Russ Einhorn
Batting: LHB Jeremiah Ford 0-0: Ball
1-0: Ball
2-0: Foul Ball, location: 2F
2-1: Foul Ball, location: 9LSF
2-2: Strikes out swinging
Batting: RHB Jason Rush 0-0: Fly out, F9 (Flyball, 9, EV 89.4 MPH)
Pitching: RHP Bobby Keever
Batting: RHB Dave Mora 0-0: Called Strike
0-1: Ball
1-1: Swinging Strike
1-2: Fly out, F9 (Flyball, 89XD, EV 85.0 MPH)
Top of the 5th over - 0 runs, 0 hits, 0 errors, 0 left on base; St. Louis 0 - Pittsburgh 2
BOTTOM OF THE 5TH
Pittsburgh Pirates batting - Pitching for St. Louis Cardinals : RHP Rich Siegel
Batting: RHB Verner Johannsen 0-0: Ball
1-0: DOUBLE (Flyball, 89D, EV 102.5 MPH)
Batting: RHB Randy Wilson 0-0: Ball
1-0: Foul Ball, location: 2F
1-1: Ball
2-1: Ball
3-1: Foul Ball, location: 9LSF
3-2: Foul Ball, location: 5FF
3-2: Foul Ball, location: 7LMF
3-2: Base on Balls
Batting: SHB Jamie Hoffman 0-0: Ball
1-0: Grounds into double play, 6-4-3 (Groundball, 6, EV 85.6 MPH)
Verner Johannsen to third
Batting: RHB Zachary Gugliotta 0-0: Ball
1-0: Ball
2-0: Called Strike
2-1: Called Strike
2-2: Strikes out swinging
Bottom of the 5th over - 0 runs, 1 hit, 0 errors, 1 left on base; St. Louis 0 - Pittsburgh 2
TOP OF THE 6TH
St. Louis Cardinals batting - Pitching for Pittsburgh Pirates : RHP Bobby Keever
Batting: RHB Ben Frey 0-0: Ball
1-0: Foul Ball, location: 5SF
1-1: Ball
2-1: Ball
3-1: TRIPLE (Groundball, 5L, EV 103.1 MPH)
Batting: SHB Bryan Smolka 0-0: Ball
1-0: 2-RUN HOME RUN (Flyball, 9D, EV 96.9 MPH), Distance : 381 ft
Batting: RHB Ryan Collier 0-0: Swinging Strike
0-1: Foul Ball, location: 2F
0-2: Ball
1-2: Foul Ball, location: 9LMFF
1-2: Ball
2-2: Foul Ball, location: 23FF
2-2: Fly out, F8 (Flyball, 8LS, EV 84.4 MPH)
Batting: LHB Jose Nieto 0-0: Called Strike
0-1: Ball
1-1: Swinging Strike
1-2: Strikes out swinging
Pitching: RHP Emilio Rios
Batting: LHB Ramon Lara 0-0: Called Strike
0-1: Swinging Strike
0-2: Ball
1-2: DOUBLE (Line Drive, 78D, EV 105.0 MPH)
Batting: RHB Brodie Herian 0-0: Ball
1-0: Called Strike
1-1: Foul Ball, location: 9LSF
1-2: Foul Ball, location: 2F
1-2: Ball
2-2: Ball
3-2: Base on Balls
Pinch Runner at 2nd Billy Haynes:
Batting: LHB Jeremiah Ford 0-0: Ball
1-0: Ground out 4-3 (Groundball, 4, EV 83.8 MPH)
Top of the 6th over - 2 runs, 3 hits, 0 errors, 2 left on base; St. Louis 2 - Pittsburgh 2
BOTTOM OF THE 6TH
Pittsburgh Pirates batting - Pitching for St. Louis Cardinals : RHP Rich Siegel
Now in LF: Billy Haynes
Batting: RHB Joey Noles 0-0: Ball
1-0: Called Strike
1-1: Foul Ball, location: 2F
1-2: Ball
2-2: Hit by Pitch
Batting: LHB Josue Lopez 0-0: Ball
1-0: Ball
Joey Noles is caught stealing 2nd base 2-6
2-0: DOUBLE (Line Drive, 8RXD, EV 105.6 MPH)
Batting: RHB Carlos Flores 0-0: Intentional Walk
Batting: RHB Alex Velazquez 0-0: Called Strike
0-1: Ball
1-1: Foul Ball, location: 3DF
1-2: Grounds into double play, 6-4-3 (Groundball, 6, EV 89.4 MPH)
Bottom of the 6th over - 0 runs, 1 hit, 0 errors, 1 left on base; St. Louis 2 - Pittsburgh 2
TOP OF THE 7TH
St. Louis Cardinals batting - Pitching for Pittsburgh Pirates : RHP Emilio Rios
Batting: RHB Jason Rush 0-0: Called Strike
0-1: Ball
1-1: Swinging Strike
1-2: Ball
2-2: Ball
3-2: Strikes out swinging
Batting: RHB Dave Mora 0-0: Called Strike
0-1: Called Strike
0-2: Foul Ball, location: 25F
0-2: Ball
1-2: Strikes out swinging
Batting: RHB Ben Frey 0-0: Called Strike
0-1: Ball
1-1: Foul Ball, location: 25F
1-2: Strikes out looking
Top of the 7th over - 0 runs, 0 hits, 0 errors, 0 left on base; St. Louis 2 - Pittsburgh 2
BOTTOM OF THE 7TH
Pittsburgh Pirates batting - Pitching for St. Louis Cardinals : RHP Rich Siegel
Pitching: RHP Josh Conlan
Batting: LHB Phil Samsa 0-0: Ball
1-0: Fly out, F7 (Flyball, 7LM, EV 66.9 MPH)
Batting: RHB Verner Johannsen 0-0: Ball
1-0: Ball
2-0: Swinging Strike
2-1: Called Strike
2-2: Foul Ball, location: 9LDF
2-2: Ball
3-2: Foul Ball, location: 5FF
3-2: Foul Ball, location: 7LSFF
3-2: Foul Ball, location: 2F
3-2: Foul Ball, location: 5DF
3-2: Base on Balls
Batting: RHB Randy Wilson 0-0: Called Strike
0-1: Ball
1-1: Foul Ball, location: 3F
1-2: Strikes out swinging
Batting: SHB Jamie Hoffman 0-0: Fly out, F5 (Popup, 56S, EV 80.0 MPH)
Bottom of the 7th over - 0 runs, 0 hits, 0 errors, 1 left on base; St. Louis 2 - Pittsburgh 2
TOP OF THE 8TH
St. Louis Cardinals batting - Pitching for Pittsburgh Pirates : RHP Emilio Rios
Pitching: RHP Dana House
Batting: SHB Bryan Smolka 0-0: Called Strike
0-1: Foul Ball, location: 2F
0-2: Strikes out swinging
Batting: RHB Ryan Collier 0-0: Ball
1-0: Ball
2-0: Called Strike
2-1: Foul Ball, location: 2F
2-2: Fly out, F9 (Flyball, 89S, EV 76.3 MPH)
Batting: LHB Jose Nieto 0-0: Called Strike
0-1: Ball
1-1: Fly out, F7 (Flyball, 7S, EV 89.4 MPH)
Top of the 8th over - 0 runs, 0 hits, 0 errors, 0 left on base; St. Louis 2 - Pittsburgh 2
BOTTOM OF THE 8TH
Pittsburgh Pirates batting - Pitching for St. Louis Cardinals : RHP Josh Conlan
Batting: RHB Zachary Gugliotta 0-0: DOUBLE (Flyball, 78XD, EV 78.1 MPH)
Batting: RHB Joey Noles 0-0: Foul Ball, location: 2F
0-1: Swinging Strike
0-2: Strikes out swinging
Batting: LHB Josue Lopez 0-0: Called Strike
0-1: Ball
1-1: 2-RUN HOME RUN (Flyball, 9LD, EV 93.8 MPH), Distance : 340 ft
Batting: RHB Carlos Flores 0-0: Called Strike
0-1: Ball
1-1: Called Strike
1-2: Ball
2-2: Ball
3-2: Fly out, F5 (Popup, 5SF, EV 68.8 MPH)
Batting: RHB Alex Velazquez 0-0: Foul Ball, location: 9LMF
0-1: Swinging Strike
0-2: Ball
1-2: Foul Ball, location: 25F
1-2: Ball
2-2: Strikes out swinging
Bottom of the 8th over - 2 runs, 2 hits, 0 errors, 0 left on base; St. Louis 2 - Pittsburgh 4
TOP OF THE 9TH
St. Louis Cardinals batting - Pitching for Pittsburgh Pirates : RHP Dana House
Batting: RHB Billy Haynes 0-0: Foul Ball, location: 5SF
0-1: Fly out, F8 (Line Drive, 8LS, EV 83.8 MPH)
Batting: RHB Brodie Herian 0-0: Fly out, F2 (Popup, 25F, EV 87.5 MPH)
Batting: LHB Jeremiah Ford 0-0: Called Strike
0-1: Ball
1-1: Ball
2-1: Foul Ball, location: 5SF
2-2: Ball
3-2: Fly out, F8 (Flyball, 8LD, EV 95.0 MPH)
Top of the 9th over - 0 runs, 0 hits, 0 errors, 0 left on base; St. Louis 2 - Pittsburgh 4
Tuesday, May 14th , 2024 - OOTP Baseball 24.11 Build 85